 Dungeon Crawl Stone Soup version 0.30-a0-1082-g70414cbcbb (webtiles) character file.

Game seed: 3615323542155444573

67 cforsyth the Caller (level 4, -1/27 HPs)
             Began as an Octopode Summoner on Apr 15, 2023.
             Slain by an orc wizard
             ... wielding a +0 dagger
              (3 damage)
             ... on level 3 of the Dungeon.
             The game lasted 00:02:41 (2092 turns).

cforsyth the Caller (Octopode Summoner)             Turns: 2092, Time: 00:02:41

Health: -1/27      AC:  1    Str:  7    XL:     4   Next: 18%
Magic:  3/8        EV: 13    Int: 19    God:
Gold:   135        SH:  0    Dex: 12    Spells: 6/9 levels left

rFire   . . .      SeeInvis .    (no weapon)
rCold   . . .      Faith    .    (no shield)
rNeg    . . .      Spirit   .    (helmet restricted)
rPois   .          Reflect  .    (no amulet)
rElec   .          Rampage  .    (no ring)
rCorr   .                        (no ring)
Will    .....                    (no ring)
Stlth   +++                      (no ring)
HPRegen 0.24/turn                (no ring)
MPRegen 0.11/turn                (no ring)
                                 (no ring)
                                 (no ring)

@: no status effects
A: almost no armour, amphibious, 8 rings, camouflage 1, gelatinous body 1,
(nimble swimmer 1), tentacles
a: no special abilities


You were on level 3 of the Dungeon.
You visited 1 branch of the dungeon, and saw 3 of its levels.

You collected 135 gold pieces.

Inventory:

Scrolls
 b - 3 scrolls of identify {unknown}
 d - a scroll of enchant armour {unknown}
 e - a scroll of vulnerability {unknown}
 j - a scroll of torment {unknown}
 k - a scroll of immolation {unknown}
Potions
 a - a potion of magic
 c - a potion of cancellation {unknown}
 f - 4 potions of haste {unknown}
 g - a potion of attraction {unknown}
 h - a potion of curing {unknown}
 i - a potion of mutation {unknown}


   Skills:
 - Level 2.0 Dodging
 - Level 2.6 Stealth
 + Level 3.1 Spellcasting
 + Level 4.8 Summonings


You had 6 spell levels left.
You knew the following spells:

 Your Spells              Type           Power      Damage    Failure   Level
a - Summon Small Mammal   Summ           84%        N/A       1%          1
b - Call Imp              Summ           42%        N/A       3%          2

Your spell library contained the following spells:

 Spells                   Type           Power      Damage    Failure   Level
 Call Canine Familiar     Summ           21%        N/A       6%          3
 Summon Guardian Golem    Hex/Summ       12%        N/A       17%         3
 Summon Lightning Spire   Summ/Air       12%        N/A       50%         4


Dungeon Overview and Level Annotations

Branches:
Dungeon (2/15)

Altars:

Shops:
D:2 :


Innate Abilities, Weirdness & Mutations

You cannot wear most types of armour.
You are amphibious.
You can wear up to eight rings at the same time.
Your skin changes colour to match your surroundings (Stealth+).
Your rubbery body absorbs attacks. (AC +1, EV +1)
((You are camouflaged when in or above water. (Stealth+)))
You have tentacles for arms and can constrict up to eight enemies at once.


Message History

Your quokka closely misses the orc.
Your quokka closely misses the orc wizard.
The orc hits your quokka with a +0 club.
Your cerulean imp hits the orc with a -2 spear.
You miss the orc wizard. You grab the orc wizard.
The orc wizard is severely wounded.
You constrict the orc wizard.
Your quokka bites the orc wizard but does no damage.
The orc wizard hits you with a +0 dagger.
The orc hits your quokka with a +0 club.
Your quokka dies!
Your quokka's corpse disappears in a puff of smoke!
Your cerulean imp barely misses the orc.
You tentacle-slap the orc wizard. You squeeze the orc wizard.
The orc wizard is almost dead.
You constrict the orc wizard, but do no damage.
Your cerulean imp hits the orc but does no damage.
The orc barely misses your quokka.
The orc wizard points at you and mumbles some strange words.
The puff of flame hits you.
You tentacle-slap the orc wizard but do no damage.
The orc wizard is almost dead.
You constrict the orc wizard.
Your quokka bites the orc.
The orc dies!
Something barely misses you.
The orc wizard hits you with a +0 dagger.
* * * LOW HITPOINT WARNING * * *
You tentacle-slap the orc wizard but do no damage.
The orc wizard is almost dead.
You constrict the orc wizard.
You kill the orc wizard!
Something hits you.
* * * LOW HITPOINT WARNING * * *
Deactivating autopickup; reactivate with Ctrl-A.
Your Spellcasting skill increases to level 3!
You have reached level 4!
Unknown command.
Unknown command.
Something hits you.
You die...

.#.## # ...... #.
.....# ##. #o#..#
... #.#..#
#.#####.#..#
#..........#
###.)##.##.#### #..#
#..@r5).......######
#..#
#..#######.#........
#..# #....
#.#.####### #..#
##.#. #.#.# #..#
#.#. ##.#.## #..# #
#.######..>..# #.)#
.....(...#.#.# #..#
## ####.....# #..#
##.####


You could see a friendly cerulean imp (summoned) and a friendly quokka
(summoned).

Vanquished Creatures
  An orc wizard (D:3)
  A dart slug (D:1)
  An orc (D:3)
  3 bats
  A giant cockroach (D:1)
  A goblin (D:3)
  5 hobgoblins
  A jackal (D:3)
  2 quokkas
  3 ball pythons
  A kobold (D:2)
20 creatures vanquished.

Vanquished Creatures (collateral kills)
  2 orcs (D:3)
  2 endoplasms
  A goblin (D:3)
  A hobgoblin (D:1)
  3 jackals (D:3)
  3 bats
12 creatures vanquished.

Grand Total: 32 creatures vanquished

Notes
Turn   | Place    | Note
-------+----------+-------------------------------------------
     0 | D:1      | cforsyth the Octopode Summoner began the quest for the Orb.
     0 | D:1      | Reached XP level 1. HP: 11/11 MP: 3/3
   306 | D:1      | Reached XP level 2. HP: 12/17 MP: 1/5
  1490 | D:2      | Found Xioghuo's Book Shop.
  1623 | D:2      | Learned a level 2 spell: Call Imp
  1668 | D:2      | Reached XP level 3. HP: 21/21 MP: 1/6
  1928 | D:2      | You fall into a shaft and drop 1 floor!
  2091 | D:3      | HP: 1/21 [something (3)]
  2092 | D:3      | Reached XP level 4. HP: 2/27 MP: 3/8
  2092 | D:3      | Slain by an orc wizard

Illustrated notes

Levels and vault maps discovered:
D:1:      lightli_arrival_flooded_house, layout_basic
D:2:      layout_basic, serial_shops, nicolae_shop_behind_doors, shop
D:3:      layout_loops_ring, glass_columns_a, chequers_arboretum, uniq_sigmund,
          uniq_crazy_yiuf_cottage, uniq_natasha

Skill      XL: |  1  2  3 |
---------------+----------+-----
Spellcasting   | 3 |  3.1
Dodging        | |  2.0
Stealth        | |  2.6
Summonings     | |  4.8

Action                     |  1- 3 |  4- 6 || total
---------------------------+-------+-------++-------
  Melee: Unarmed           |    63 |       ||    63
         Tentacles         |    18 |       ||    18
         Constrict         |    20 |       ||    20
         Punch             |     1 |       ||     1
   Cast: Summon Small Mamm |    38 |       ||    38
         Call Imp          |     5 |       ||     5
   Stab: Sleeping          |     2 |       ||     2
         Distracted        |     1 |       ||     1
 Armour: Skin              |    10 |       ||    10
  Dodge: Dodged            |    72 |       ||    72

Table legend: (Time is in decaauts)
 A = Elapsed time spent in this place.
 B = Non-inter-level travel time spent in this place.
 C = Inter-level travel time spent in this place.
 D = Time resting spent in this place.
 E = Time spent auto-exploring this place.
 F = Levels seen in this place.
 G = Mean time per level.
                   A        B        C        D        E       F      G
               +--------+--------+--------+--------+--------+-----+--------+
         Total |   2091 |   1939 |    152 |      0 |   1670 |   3 |  697.0 |
       Dungeon |   2091 |   1939 |    152 |      0 |   1670 |   3 |  697.0 |
               +--------+--------+--------+--------+--------+-----+--------+

Top non-repeatable levels by time:
     D:1: 1082 daAuts
     D:2: 845 daAuts
     D:3: 163 daAuts
